 Dungeon Sprint DCSS version 0.19.3-4-gbf9329e (webtiles) character file.

256 Kagutsuchi the Destroyer (level 5, -4/27 (28) HPs)
             Began as a Deep Elf Conjurer on Jan 28, 2017.
             Slain by a necrophage (7 damage)
             ... in the Dungeon (Sprint II: "The Violet Keep of Menkaure").
             The game lasted 00:01:02 (42 turns).

Kagutsuchi the Destroyer (Deep Elf Conjurer)          Turns: 42, Time: 00:01:03

HP:   -4/27 (28)    AC:  2    Str:  5    XL:     5   Next: 92%
MP:   0/15          EV: 14    Int: 21    God:
Gold: 0             SH:  0    Dex: 15    Spells: 1 memorised, 14 levels left

rFire  . . .     SeeInvis .       - Unarmed
rCold  . . .     Gourm    .     a - +0 robe
rNeg   . . .     Faith    .     (no shield)
rPois  .         Spirit   .     (no helmet)
rElec  .         Reflect  .     (no cloak)
rCorr  .         Harm     .     (no gloves)
MR     .....     NoTele   +     (no boots)
Stlth  +++.......               (no amulet)
                                (no ring)
                                (no ring)

@: exhausted, slowed, very slow
A: no striking features
a: no special abilities


You were in the Dungeon.
You were not hungry.

You visited 1 branch

Inventory:

Armour
 a - a +0 robe (worn)
Scrolls
 i - a scroll of blinking
Potions
 f - a potion of haste
 g - 2 potions of magic
Books
 b - a book of Conjurations

   Spells                             Type                      Level
   a - Magic Dart                     Conjuration                  1
   b - Searing Ray                    Conjuration                  2
   c - Dazzling Spray                 Conjuration/Hexes            3
   d - Fulminant Prism                Conjuration/Hexes            4
   e - Iskenderun's Mystic Blast      Conjuration                  4
   f - Iskenderun's Battlesphere      Conjuration/Charms           5
Comestibles
 c - a bread ration


   Skills:
 + Level 0.2 Fighting
 + Level 4.4 Dodging
 + Level 3.9 Stealth
 + Level 2.7 Unarmed Combat
 + Level 5.8 Spellcasting
 + Level 11.8 Conjurations


You had 14 spell levels left.
You knew the following spells:

 Your Spells              Type           Power        Failure   Level  Hunger
a - Magic Dart            Conj           ####         1%          1    None


Dungeon Overview and Level Annotations

Branches:
Dungeon (1/1)

Altars:


Message History

The magic dart hits the necrophage.
The necrophage is lightly damaged.
The necrophage misses you. The necrophage barely misses you.
Casting: Magic Dart
Confirm with . or Enter, or press ? or * to list all spells.
Aiming: Magic Dart
Press: ? - help, Shift-Dir - straight line, f/p - necrophage
Aim: a necrophage (lightly damaged)
The magic dart hits the necrophage.
The necrophage is moderately damaged.
The necrophage completely misses you.
Casting: Magic Dart
Confirm with . or Enter, or press ? or * to list all spells.
Aiming: Magic Dart
Press: ? - help, Shift-Dir - straight line, f/p - necrophage
Aim: a necrophage (moderately damaged)
The magic dart hits the necrophage.
The necrophage is heavily damaged.
The necrophage barely misses you. The necrophage hits you!
You die...

# # ##. #+#
.##
#...##.##.w.#
#n@<.+#
#...##.##.w$#
##. #+# .## #
#


You could see a necrophage.

Vanquished Creatures
  3 necrophages (D)
3 creatures vanquished.

Vanquished Creatures (others)
  Menkaure (D)
1 creature vanquished.

Grand Total: 4 creatures vanquished

Notes
Turn   | Place    | Note
-------+----------+-------------------------------------------
     0 | D        | Kagutsuchi the Deep Elf Conjurer began the quest for the Orb.
     0 | D        | Reached XP level 1. HP: 10/10 MP: 6/6
     1 | D        | Noticed a tyrant leech
     1 | D        | Noticed a tyrant leech
     5 | D        | Noticed a necrophage
     5 | D        | Noticed a necrophage
     5 | D        | Noticed a necrophage
     5 | D        | Noticed a necrophage
    16 | D        | Killed a necrophage
    16 | D        | Reached skill level 1 in Unarmed Combat
    16 | D        | Reached skill level 9 in Conjurations
    16 | D        | Reached XP level 2. HP: 8/14 MP: 6/9
    16 | D        | Reached XP level 3. HP: 11/18 MP: 7/11
    16 | D        | Reached XP level 4. HP: 14/23 MP: 7/12
    30 | D        | Killed a necrophage
    30 | D        | Reached skill level 5 in Spellcasting
    30 | D        | Reached skill level 11 in Conjurations
    30 | D        | Reached XP level 5. HP: 25/28 MP: 7/14
    35 | D        | Killed Menkaure
    37 | D        | Killed a necrophage
    42 | D        | Slain by a necrophage

Skill      XL: |  1  2  3  4 |
---------------+-------------+-----
Dodging        | 3 4 |  4.4
Stealth        | 3 |  3.9
Unarmed Combat | 1 2 |  2.7
Spellcasting   | 4 5 |  5.8
Conjurations   | 9 11 | 11.8
Fighting       | |  0.2

Action                   |  1- 3 |  4- 6 || total
-------------------------+-------+-------++-------
Melee: Unarmed           |     9 |    12 ||    21
 Cast: Magic Dart        |       |    11 ||    11
  Use: Potion            |     1 |     2 ||     3
Armor: Robe              |       |     1 ||     1
Dodge: Dodged            |     4 |    19 ||    23
